 Dungeon Crawl Stone Soup version 0.27.0-1-g7a089689b8 (webtiles) character file.

Game seed: 16518313710393128992

107 Strat the Slasher (level 4, -2/37 HPs)
             Began as a Palentonga Abyssal Knight on Aug 1, 2021.
             Was a Follower of Lugonu.
             Shot with an arrow by a centaur (3 damage)
             ... on level 5 of the Dungeon.
             The game lasted 00:06:20 (3229 turns).

Strat the Slasher (Palentonga Abyssal Knight)       Turns: 3229, Time: 00:06:22

Health: -2/37      AC:  6    Str: 16    XL:     4   Next: 57%
Magic:  5/5        EV:  8    Int: 13    God:    Lugonu [*.....]
Gold:   118        SH:  5    Dex:  9    Spells: 3/3 levels left

rFire    . . .     SeeInvis +   a - +1 falchion
rCold    . . .     Faith    .   (no shield)
rNeg     + . .     Spirit   .   p - +0 ring mail
rPois    .         Reflect  +   f - +0 helmet
rElec    .         Harm     .   (no cloak)
rCorr    .         Rampage  .   (no gloves)
Will     .....                  (no barding)
Stlth    ..........             e - amulet of reflection
HPRegen  0.12/turn              o - ring of positive energy
MPRegen  0.09/turn              (no ring)

@: no status effects
A: large, rugged brown scales 3, see invisible, deformed body, roll 1, armoured
tail
a: Rolling Charge, Renounce Religion, Depart the Abyss


You were on level 5 of the Dungeon.
You worshipped Lugonu.
Lugonu was aware of your devotion.
You visited 1 branch of the dungeon, and saw 5 of its levels.
You visited the Abyss 1 time.

You collected 118 gold pieces.

Inventory:

Hand Weapons
 a - a +1 falchion (weapon)
Missiles
 h - 6 datura-tipped darts
 l - 32 stones
Armour
 b - a +0 leather armour
 f - a +0 helmet (worn)
 j - a +0 chain mail
 p - a +0 ring mail (worn)
Jewellery
 e - an amulet of reflection (around neck)
 o - a ring of positive energy (left hand)
Scrolls
 c - 3 scrolls of identify {unknown}
 d - a scroll of acquirement {unknown}
 g - a scroll of vulnerability {unknown}
 i - a scroll of noise {unknown}
 k - 2 scrolls of enchant armour {unknown}
 m - a scroll of immolation {unknown}
Potions
 n - a potion of might {unknown}


   Skills:
 - Level 3.0 Fighting
 + Level 4.7 Long Blades
 - Level 1.6 Armour
 - Level 0.8 Dodging
 - Level 2.0 Invocations


You had 3 spell levels left.
You didn't know any spells.
Your spell library contained the following spells:

 Spells                   Type           Power      Damage    Failure   Level
 Alistair's Intoxication  Tmut/Pois      0%         N/A       100%        5
 Borgnjor's Vile Clutch   Necr/Erth      0%         N/A       100%        5
 Eringya's Noxious Bog    Tmut/Pois      0%         N/A       100%        6


Dungeon Overview and Level Annotations

Branches:
Dungeon (4/15)
 Temple: D:4-7

Altars:
Qazlal

Annotations:
D:2 Terence


Innate Abilities, Weirdness & Mutations

You are completely covered in rugged brown scales. (AC +3, +7% HP)
You have supernaturally acute eyesight. (SInv)
Armour fits poorly on your strangely shaped body.
You can roll at nearby foes to attack.
You have a long armoured tail.


Message History

* * * LOW HITPOINT WARNING * * *
The white imp gestures at you. The puff of frost hits you!
* * * LOW HITPOINT WARNING * * *
The jackal bites you but does no damage.
The jackal barely misses you.
You riposte.
You hit the jackal but do no damage. The jackal bites you.
* * * LOW HITPOINT WARNING * * *
The jackal bites you but does no damage.
You open the door.
The jackal bites you but does no damage.
There is an open door here.
The jackal closely misses you.
You riposte.
You barely miss the jackal.
Found 18 stones.
The white imp shouts, "Scamper hence, thou twisted tip-merry hedge-pig!"
The jackal bites you but does no damage.
The jackal bites you but does no damage.
A shadow imp comes into view.
The shadow imp shouts!
You block the jackal's attack. The jackal barely misses you.
You riposte.
You slash the jackal!
You kill the jackal!
Lugonu accepts your kill.
Found a scroll labelled BUREOBR UGIUPN.
The jackal bites you but does no damage.
You block the jackal's attack. The jackal bites you.
* * * LOW HITPOINT WARNING * * *
The shadow imp laughs crazily.
You open the door.
The jackal bites you but does no damage.
You block the jackal's attack.
Found a robe.
A centaur comes into view.
The centaur shouts!
The centaur wields a +0 shortbow.
The centaur shoots an arrow.
The arrow hits you!
* * * LOW HITPOINT WARNING * * *
The centaur shoots an arrow.
The arrow hits you.
You die...

.( #....#####
..####?...#...# ...
.'....#.#.### #+# ..#
#......h...# #... ..#
#........#h# #.[ .
#.######......#.# #.8...
.......W...5..#5##.#....
#........Y....#h#..c8...
...######....##.@.....[.
##.# #######.#...8...
#5###############.#....
##.##........# #.8...
#...#........# #.. .
#...#........# #...
#>...........# #+#
.Y...........#
#####........+


You could see a black bear, a centaur, a shadow imp and a jackal.

Vanquished Creatures
  A hound (D:4)
  A hound skeleton (D:4)
  2 adders (D:3)
  An ufetubus (D:4)
  An orc (D:5)
  2 endoplasms (D:3)
  A giant cockroach (D:3)
  3 goblins
  7 hobgoblins
  4 jackals
  2 quokkas
  4 ball pythons
  A bat (D:3)
  2 frilled lizards
  6 kobolds
  2 rats
40 creatures vanquished.

Notes
Turn   | Place    | Note
-------+----------+-------------------------------------------
     0 | Abyss:1  | Strat the Palentonga Abyssal Knight began the quest for the
                  | Orb.
     0 | Abyss:1  | Reached XP level 1. HP: 19/19 MP: 2/2
     0 | Abyss:1  | Found a corrupted altar of Lugonu.
    19 | D:1      | Escaped the Abyss
   180 | D:1      | Found a faded altar of an unknown god.
   594 | D:1      | Reached XP level 2. HP: 22/25 MP: 3/3
  1126 | D:2      | Noticed Terence
  1214 | D:2      | Reached * piety under Lugonu
  1717 | D:3      | Reached skill level 3 in Long Blades
  1940 | D:3      | Reached XP level 3. HP: 31/31 MP: 4/4
  1974 | D:3      | HP: 1/31 [worm (6)]
  2457 | D:3      | Noticed a phantom
  2695 | D:4      | Reached skill level 4 in Long Blades
  2695 | D:4      | Reached XP level 4. HP: 30/37 MP: 5/5
  3014 | D:3      | You fall into a shaft and drop 2 floors!
  3014 | D:5      | Entered Level 5 of the Dungeon
  3015 | D:5      | Found a stormy altar of Qazlal.
  3101 | D:5      | Noticed a black bear
  3159 | D:5      | Noticed a phantom
  3186 | D:5      | Noticed an ogre
  3192 | D:5      | Noticed an ice beast
  3229 | D:5      | Noticed a centaur
  3229 | D:5      | HP: 1/37 [centaur/arrow (11)]
  3229 | D:5      | Shot with an arrow by a centaur

Illustrated notes

Levels and vault maps discovered:
D:1:      tarquinn_simple_flora_water_f, layout_basic,
          ebering_ecumenical_altar_petrified, minmay_misc_feat_nine_boxes
D:2:      layout_rooms, lemuel_flame_loot_1, uniq_terence
D:3:      layout_loops_ring, general_overflow_altar, lightli_sewer_entry_pipes,
          minmay_snake_closets
D:4:      layout_gridville, mainiacjoe_overflow_alcove_4,
          makhleb_altar_promises_db
D:5:      layout_basic, mainiacjoe_overflow_brackets, mainiacjoe_overflow_swirl,
          minmay_temple_entry_mist, dk_noncrumbling_3, grunt_ministairs_12,
          uniq_menkaure

Skill      XL: |  1  2  3 |
---------------+----------+-----
Long Blades    | 3 4 |  4.7
Fighting       | |  3.0
Armour         | |  1.6
Dodging        | |  0.8
Invocations    | |  2.0

Action                   |  1- 3 |  4- 6 || total
-------------------------+-------+-------++-------
Melee: Falchion          |   110 |    30 ||   140
       Tailslap          |     5 |     3 ||     8
Invok: Depart the Abyss  |     1 |       ||     1
 Abil: Rolling Charge    |     7 |     2 ||     9
  Use: Potion            |     2 |       ||     2
Armor: Leather armour    |    59 |    13 ||    72
       Ring mail         |       |    14 ||    14
Dodge: Dodged            |    65 |    24 ||    89
Block: Other             |       |     7 ||     7
       Rpst.: Falchion   |    19 |    10 ||    29
